cohdb
Replays
Latest Replays
All Replays
Popular Replays
Top Player Replays
Match Explorer
How It Works
Community
CoH3 Stats
Reddit
Sign in to upload your games and track your stats! →
Sign in with Steam
Match 43910375
Unlisted
Match 43910375
Overview
Messages
Build Orders
End
Construct Barracks
Selects Armored Battlegroup
Riflemen Squad
Selects Veteran Crews
1⁄4-ton 4x4 Truck
Riflemen Squad
Riflemen Squad
Mechanized Support Center
Construct Medical Station
Selects Fast Deploy
Construct Motor Pool
M24 Chaffee Light Tank
Engineer Squad
1⁄4-ton 4x4 Truck
Selects M8 Scott SPG
M1918 Browning Automatic Rifles
Mortar Pit
M24 Chaffee Light Tank
Mortar Pit
Designate Forward Repair Station
M8 Scott SPG
Scout Squad
Selects UNKNOWN (2160077)
M24 Chaffee Light Tank
M1 Anti-tank Gun Team
Selects M4A3E8 Sherman Combat Group
M4A3E8 Sherman Combat Group
Dahlian
Bish Bash Bosh
JohnstyPonst
yapster
HIMYNAMEISHO
Squigergy
0
0
Comments
sign in to comment!
No comments posted yet!